 Dungeon Crawl Stone Soup version 0.19-a0-1627-gc26532d (webtiles) character file.

193 FrankyJ the Ducker (level 6, -1/41 HPs)
             Began as a Human Ice Elementalist on Sept 18, 2016.
             Slain by Grinder (6 damage)
             ... while paralysed by Grinder
             ... on level 3 of the Dungeon.
             The game lasted 00:08:26 (2539 turns).

FrankyJ the Ducker (Human Ice Elementalist)         Turns: 2539, Time: 00:08:26

Health: -1/41      AC:  3    Str:  8    XL:     6   Next: 3%
Magic:  4/10       EV:  2    Int: 17    God:
Gold:   17         SH:  0    Dex: 14    Spells: 3 memorised, 4 levels left

rFire  . . .     SeeInvis .     o - +3 quarterstaff (chaos)
rCold  . . .     Gourm    .     a - +0 robe
rNeg   . . .     Faith    .     (shield currently unavailable)
rPois  .         Spirit   .     (no helmet)
rElec  .         Dismiss  .     p - +0 cloak
rCorr  .         Reflect  .     (no gloves)
MR     .....     Harm     .     (no boots)
Stlth  ++........               (no amulet)
                                (no ring)
                                (no ring)

@: paralysed
A: no striking features
a: no special abilities


You were on level 3 of the Dungeon.
You were not hungry.

You visited 1 branch of the dungeon, and saw 3 of its levels.

You collected 17 gold pieces.

Inventory:

Hand Weapons
 e - a +0 short sword
 o - a +3 quarterstaff of chaos (weapon)
Armour
 a - a +0 robe (worn)
 p - a +0 cloak (worn)
Jewellery
 j - an uncursed ring of protection from fire {unknown}
Wands
 n - a wand of polymorph (9/24)
Scrolls
 d - a scroll of blinking {unknown}
 g - a scroll of noise {unknown}
 i - a scroll of random uselessness {unknown}
 l - a scroll of remove curse {unknown}
 m - a scroll of magic mapping {unknown}
Potions
 k - a potion of berserk rage {unknown}
Books
 b - a book of Frost

   Spells                             Type                      Level
   a - Freeze                         Ice                          1
   b - Throw Frost                    Conjuration/Ice              2
   c - Ozocubu's Armour               Charms/Ice                   3
   d - Throw Icicle                   Conjuration/Ice              4
   e - Summon Ice Beast               Ice/Summoning                4
Comestibles
 c - 3 bread rations
 f - a chunk of flesh
 h - a beef jerky


   Skills:
 - Level 1.2 Short Blades
 + Level 3.9 Dodging
 - Level 2.0 Stealth
 - Level 3.0 Spellcasting
 + Level 2.9 Conjurations
 - Level 3.0 Ice Magic


You had 4 spell levels left.
You knew the following spells:

 Your Spells              Type           Power        Failure   Level  Hunger
a - Freeze                Ice            ##..         6%          1    None
b - Throw Frost           Conj/Ice       ##....       10%         2    ##.....
c - Throw Icicle          Conj/Ice       ##......     58%         4    ####...


Dungeon Overview and Level Annotations

Branches:
Dungeon (3/15)

Altars:
Qazlal

Annotations:
D:3 Grinder


Message History

You freeze Grinder.
Grinder completely resists.
Grinder is moderately wounded.
Grinder hits you!
Casting: Freeze
Confirm with . or Enter, or press ? or * to list all spells.
Aiming: Freeze
Press: ? - help, Shift-Dir - straight line, f/p - Grinder
Aim: Grinder (moderately wounded)
You freeze Grinder.
Grinder resists.
Grinder is moderately wounded.
Grinder hits you!
You writhe in agony.
* * * LOW HITPOINT WARNING * * *
You barely miss Grinder.
Grinder is moderately wounded.
Grinder gestures at you.
You suddenly lose the ability to move!
Grinder hits you!
* * * LOW HITPOINT WARNING * * *
You writhe in agony.
You die...

### ..# #.# #.# #.#
#.# #@######
#5.....###########
#####)#...........
##.########...
#########.# #.##
##.........# #.##
#........##########.##
#..#####.##.......>.##
#..# #.##.#####.....


You could see Grinder.

Vanquished Creatures
  A phantom (D:3)
  Crazy Yiuf (D:2)
  6 adders
  A dart slug (D:2)
  2 leopard geckos (D:2)
  A giant cockroach (D:2)
  3 goblins (D:2)
  2 hobgoblins
  5 bats
  2 frilled lizards (D:2)
  2 kobolds
  2 rats (D:2)
28 creatures vanquished.

Notes
Turn   | Place    | Note
-------+----------+-------------------------------------------
     0 | D:1      | FrankyJ the Human Ice Elementalist began the quest for the Orb.
     0 | D:1      | Reached XP level 1. HP: 13/13 MP: 3/3
   109 | D:1      | You fall through a shaft!
   159 | D:2      | Reached XP level 2. HP: 12/19 MP: 3/5
   407 | D:2      | Reached XP level 3. HP: 24/24 MP: 2/6
   512 | D:3      | Noticed Grinder
   751 | D:2      | Learned a level 2 spell: Throw Frost
  1120 | D:2      | Reached XP level 4. HP: 30/30 MP: 6/8
  1310 | D:2      | Found a runed door.
  1480 | D:2      | Found a stormy altar of Qazlal.
  1713 | D:2      | Noticed Crazy Yiuf
  1744 | D:2      | Killed Crazy Yiuf
  1744 | D:2      | Reached skill level 1 in Short Blades
  1835 | D:3      | HP: 1/30 [Grinder (3)]
  1844 | D:3      | Paralysed by Grinder for 5 turns
  1878 | D:2      | Reached XP level 5. HP: 21/35 MP: 9/9
  2150 | D:3      | Noticed a phantom
  2173 | D:3      | Killed a phantom
  2386 | D:3      | Reached XP level 6. HP: 34/41 MP: 7/10
  2440 | D:3      | Learned a level 4 spell: Throw Icicle
  2538 | D:3      | Paralysed by Grinder for 5 turns
  2539 | D:3      | Slain by Grinder

Vault maps used:
D:1:      dpeg_arrival_pond, bh_walls_and_bars
D:2:      grunt_qazlal_clouds, first_bread, uniq_crazy_yiuf_cottage
D:3:      minmay_wonky_spiral, cheibriados_altar_1, uniq_grinder

Skill      XL: |  1  2  3  4  5 |
---------------+----------------+-----
Spellcasting   | 3 |  3.0
Dodging        | 3 |  3.9
Short Blades   | 1 |  1.2
Conjurations   | 2 |  2.9
Stealth        | |  2.0
Ice Magic      | |  3.0

Action                   |  1- 3 |  4- 6 || total
-------------------------+-------+-------++-------
Melee: Short sword       |    26 |     4 ||    30
       Quarterstaff      |       |    17 ||    17
       Unarmed           |       |     2 ||     2
 Cast: Freeze            |    29 |    21 ||    50
       Throw Frost       |     2 |     5 ||     7
  Use: Potion            |       |     3 ||     3
 Stab: Sleeping          |       |     1 ||     1
  Eat: Chunk             |     1 |     5 ||     6
Armor: Robe              |     3 |     3 ||     6
Dodge: Dodged            |    32 |    24 ||    56
